 Dungeon Sprint DCSS version 0.26-a0-652-gafc20e3620 (webtiles) character file.

Game seed: 12701337487881259717

3080 mhtbhm the Fencer (level 9, -5/93 HPs)
             Began as a Yellow Draconian Berserker on Oct 4, 2020.
             Was the Champion of Trog.
             Slain by a hippogriff (6 damage)
             ... in the Dungeon (Sprint IX: "|||||||||||||||||||||||||||||").
             The game lasted 00:01:40 (563 turns).

mhtbhm the Fencer (Yellow Draconian Berserker)       Turns: 563, Time: 00:01:41

Health: -5/93      AC: 10    Str: 23    XL:     9   Next: 58%
Magic:  9/9        EV: 17    Int:  8    God:    Trog [******]
Gold:   0          SH:  0    Dex: 13    Spells: 8/8 levels left

rFire    . . .     SeeInvis .   a - +2 long sword of Premature Burial {flame, rElec MR+}
rCold    . . .     Faith    .   (no shield)
rNeg     . . .     Spirit   .   (armour unavailable)
rPois    .         Reflect  .   (helmet restricted)
rElec    +         Harm     .   (no cloak)
rCorr    +         Rampage  .   (no gloves)
MR       +....     NoTele   +   k - +0 pair of boots
Stlth    ++........             (no amulet)
HPRegen  0.25/turn              l - +2 ring of protection
MPRegen  0.11/turn              m - +3 ring of dexterity

@: short of breath, berserk cooldown, slowed, very slow
A: spit acid, unfitting armour, cold-blooded, acid resistance, AC +7
a: Breathe Acid, Berserk, Trog's Hand, Brothers in Arms, Renounce Religion


You were in the Dungeon.
You worshipped Trog.
Trog was exalted by your worship.
You visited 1 branch

Inventory:

Hand Weapons
 a - the +2 long sword of Premature Burial (weapon) {flame, rElec MR+}
   (Trog gifted it to you in the Dungeon)

   It has been specially enchanted to burn those struck by it, causing extra
   injury to most foes and up to half again as much damage against particularly
   susceptible opponents.
   Big, fiery blades are also staple armaments of hydra-hunters.
   It insulates you from electricity.
   It affects your resistance to hostile enchantments.
Armour
 k - a +0 pair of boots (worn)
Jewellery
 l - a +2 ring of protection (left hand)
 m - a +3 ring of dexterity (right hand)
Wands
 j - a wand of acid (9)
Scrolls
 g - 3 scrolls of blinking
 i - 3 scrolls of remove curse
 p - a scroll of magic mapping
 q - 2 scrolls of enchant armour
 r - 2 scrolls of fog
 s - 2 scrolls of enchant weapon
Potions
 b - 7 potions of curing
 c - a potion of invisibility
 d - a potion of haste
 e - 4 potions of magic
 f - a potion of berserk rage
 h - 2 potions of heal wounds
 n - a potion of resistance
 o - 2 potions of might


   Skills:
 + Level 13.1 Fighting
 + Level 15.5 Long Blades
 + Level 9.5 Dodging
 + Level 1.1 Stealth


You had 8 spell levels left.
You didn't know any spells.
Your spell library was empty.

Dungeon Overview and Level Annotations

Branches:
Dungeon (1/1)

Altars:
Cheibriados
Dithmenos
Elyvilon
Fedhas
Gozag
Hepliaklqana
Kikubaaqudgha
Makhleb
Nemelex Xobeh
Okawaru
Qazlal
Ru
Sif Muna
Trog
Uskayaw
Vehumet
Wu Jian
Xom
Yredelemnul
Zin
The Shining One
Beogh
Jiyva
Lugonu


Innate Abilities, Weirdness & Mutations

You can spit globs of acid.
Your golden yellow scales are hard. (AC +7)
You cannot fit into any form of body armour.
You are cold-blooded and may be slowed by cold attacks.
You are resistant to acid. (rCorr)


Message History

The hippogriff claws you.
* * * LOW HITPOINT WARNING * * *
The bullfrog swells and bulges.
The bullfrog snags a nearby moth with its tongue.
The blink frog completely misses you.
Unknown command.
Unknown command.
You closely miss the hippogriff. You tail-slap the hippogriff.
The hippogriff is almost dead.
The blink frog blinks!
The hippogriff bites you.
* * * LOW HITPOINT WARNING * * *
The hippogriff barely misses you. The hippogriff completely misses you.
Unknown command.
Unknown command.
You closely miss the blink frog. The blink frog hits you!
* * * LOW HITPOINT WARNING * * *
The hippogriff bites you.
* * * LOW HITPOINT WARNING * * *
The hippogriff pecks you.
You die...

▓_▓.▓)▓
▓_▓.▓.▓
▓_▓.▓.▓
▓_▓.▓.▓
▓_▓.▓.▓
▓_▓.▓.▓
▓_▓.▓.▓
▓_▓.▓F▓
▓_▓.▓@▓
▓_▓.▓H▓
▓_▓.▓F▓
▓_▓.▓k▓
▓_▓.▓F▓
▓_▓.▓.▓
▓_▓.▓.▓
▓_▓.▓.▓
▓_▓.▓


You could see a hippogriff (corroded), a blink frog, a rime drake and 2
bullfrogs.

Vanquished Creatures
  A hydra (D)
  A cane toad (D)
  A komodo dragon (D)
  A slime creature (D)
  A hippogriff (D)
  A blink frog (D)
  A basilisk (D)
  2 porcupines (D)
  A water moccasin (D)
  2 ice beasts (D)
  A phantom (D)
  2 crocodiles (D)
  6 bullfrogs (D)
  A worker ant (D)
  2 white imps (D)
  An ufetubus (D)
  An adder zombie (D)
  3 orcs (D)
  2 hobgoblins (D)
  A kobold (D)
  A quokka zombie (D)
  2 rats (D)
35 creatures vanquished.

Notes
Turn   | Place    | Note
-------+----------+-------------------------------------------
     0 | D        | mhtbhm the Draconian Berserker began the quest for the Orb.
     0 | D        | Reached XP level 1. HP: 19/19 MP: 1/1
    10 | D        | Reached ** piety under Trog
   126 | D        | Reached skill level 4 in Long Blades
   126 | D        | Reached XP level 2. HP: 12/28 MP: 2/2
   133 | D        | Reached *** piety under Trog
   183 | D        | Found a roughly hewn altar of Beogh.
   183 | D        | Found a snail-covered altar of Cheibriados.
   183 | D        | Found a shadowy altar of Dithmenos.
   183 | D        | Found a white marble altar of Elyvilon.
   183 | D        | Found a blossoming altar of Fedhas.
   183 | D        | Found an opulent altar of Gozag.
   184 | D        | Found a hazy altar of Hepliaklqana.
   185 | D        | Found a viscous altar of Jiyva.
   186 | D        | Found an ancient bone altar of Kikubaaqudgha.
   187 | D        | Found a corrupted altar of Lugonu.
   188 | D        | Found a burning altar of Makhleb.
   189 | D        | Found a sparkling altar of Nemelex Xobeh.
   190 | D        | Found an iron altar of Okawaru.
   191 | D        | Found a stormy altar of Qazlal.
   192 | D        | Found a sacrificial altar of Ru.
   193 | D        | Found a shimmering blue altar of Sif Muna.
   194 | D        | Found a bloodstained altar of Trog.
   195 | D        | Found a hide-covered altar of Uskayaw.
   196 | D        | Found a radiant altar of Vehumet.
   197 | D        | Found an ornate altar of the Wu Jian Council.
   198 | D        | Found a shimmering altar of Xom.
   199 | D        | Found a basalt altar of Yredelemnul.
   200 | D        | Found a glowing silver altar of Zin.
   201 | D        | Found a glowing golden altar of the Shining One.
   240 | D        | Noticed an ice beast
   240 | D        | Noticed a hippogriff
   240 | D        | Noticed a bullfrog
   244 | D        | Killed an ice beast
   244 | D        | Reached **** piety under Trog
   244 | D        | Reached skill level 6 in Long Blades
   244 | D        | Reached skill level 5 in Dodging
   244 | D        | Reached XP level 3. HP: 38/38 MP: 3/3
   244 | D        | Reached XP level 4. HP: 45/45 MP: 4/4
   248 | D        | Killed a hippogriff
   248 | D        | Reached skill level 9 in Long Blades
   248 | D        | Reached XP level 5. HP: 56/56 MP: 5/5
   248 | D        | Reached XP level 6. HP: 62/62 MP: 6/6
   252 | D        | Reached ***** piety under Trog
   298 | D        | Noticed an ice beast
   298 | D        | Noticed a slime creature
   298 | D        | Noticed a water moccasin
   302 | D        | Reached skill level 10 in Long Blades
   304 | D        | Killed an ice beast
   304 | D        | Received a gift from Trog
   304 | D        | Your scales start taking on a golden yellow colour.
   304 | D        | Reached XP level 7. HP: 71/71 MP: 7/7
   304 | D        | Gained mutation: You are resistant to acid. (rCorr) [Yellow
                  | Draconian growth]
   307 | D        | Killed a slime creature
   307 | D        | Reached skill level 10 in Fighting
   307 | D        | Reached skill level 11 in Long Blades
   461 | D        | Noticed a basilisk
   461 | D        | Noticed a komodo dragon
   463 | D        | Killed a basilisk
   463 | D        | Reached skill level 12 in Long Blades
   463 | D        | Reached XP level 8. HP: 82/82 MP: 8/8
   468 | D        | Noticed a blink frog
   479 | D        | Killed a komodo dragon
   479 | D        | Reached skill level 13 in Long Blades
   481 | D        | Reached ****** piety under Trog
   491 | D        | Killed a blink frog
   491 | D        | Received a gift from Trog
   491 | D        | Reached skill level 14 in Long Blades
   491 | D        | Reached XP level 9. HP: 77/90 MP: 9/9
   497 | D        | Got a smoking long sword {god gift}
   498 | D        | Identified the +2 long sword of Premature Burial {flame,
                  | rElec MR+} (Trog gifted it to you in the Dungeon)
   543 | D        | Noticed a five-headed hydra
   543 | D        | Noticed a cane toad
   550 | D        | Killed a one-headed hydra
   550 | D        | Reached skill level 15 in Long Blades
   555 | D        | Killed a cane toad
   555 | D        | Reached skill level 1 in Stealth
   557 | D        | Noticed a rime drake
   563 | D        | HP: 1/93 [hippogriff (6)]
   563 | D        | Slain by a hippogriff

Illustrated notes

Levels and vault maps discovered:
D:        linesprint [early_d, line_temple, items_1, d_10, items_2, lair_1,
          lair_end, items_3, orc_1, orc_end, items_4, d_15, swamp_1, shoals_1,
          snake_1, spider_1, d_20, vaults_1, items_5, swamp_end, shoals_end,
          snake_end, spider_end, vaults_end, d_27, items_6, zot_1, zot_end,
          crypt_end, forest_end, elf_end, slime_end, tomb_end, abyss_end,
          pan_hell_end]

Skill      XL: |  1  2  3  4  5  6  7  8  9 |
---------------+----------------------------+-----
Dodging        | 3 5 6 7 8 9 |  9.5
Fighting       | 4 6 8 9 11 12 13 | 13.1
Long Blades    | 4 6 9 10 12 14 15 | 15.5
Stealth        | 1 |  1.1

Action                   |  1- 3 |  4- 6 |  7- 9 || total
-------------------------+-------+-------+-------++-------
Melee: Falchion          |    27 |       |       ||    27
       Scimitar          |     3 |    16 |     9 ||    28
       Tailslap          |     3 |     1 |    11 ||    15
       Great sword       |       |       |    23 ||    23
       Long sword        |       |       |    15 ||    15
Invok: Berserk           |     1 |     1 |     2 ||     4
 Abil: Breathe Acid      |       |       |     1 ||     1
Evoke: Wand              |       |       |     1 ||     1
  Use: Potion            |     1 |       |       ||     1
Armor: Skin              |    10 |     7 |     9 ||    26
Dodge: Dodged            |    21 |     4 |    37 ||    62
       Rpst.: Falchion   |     3 |       |       ||     3
       Scimitar          |     1 |     2 |     1 ||     4
       Great sword       |       |       |     3 ||     3
       Long sword        |       |       |     1 ||     1

Table legend: (Time is in decaauts)
 A = Elapsed time spent in this place.
 B = Non-inter-level travel time spent in this place.
 C = Inter-level travel time spent in this place.
 D = Time resting spent in this place.
 E = Time spent auto-exploring this place.
 F = Levels seen in this place.
 G = Mean time per level.
                   A        B        C        D        E       F      G
               +--------+--------+--------+--------+--------+-----+--------+
         Total |    575 |    575 |      0 |    254 |     75 |   1 |  575.0 |
       Dungeon |    575 |    575 |      0 |    254 |     75 |   1 |  575.0 |
               +--------+--------+--------+--------+--------+-----+--------+

Top non-repeatable levels by time:
       D: 575 daAuts
